 Dungeon Crawl Stone Soup version 0.30-a0-553-g7fabdf1491 (webtiles) character file.

Game seed: 9746399361684749889

503 wormed the Digger (level 6, -8/47 HPs)
             Began as a Demigod Wanderer on Dec 26, 2022.
             Splashed by a jelly's acid (11 damage)
             ... on level 5 of the Dungeon on Dec 27, 2022.
             The game lasted 00:11:28 (4591 turns).

wormed the Digger (Demigod Wanderer)                Turns: 4591, Time: 00:11:29

Health: -8/47      AC:  0    Str: 22    XL:     6   Next: 63%
Magic:  8/14       EV: 11    Int: 26    God:
Gold:   204        SH:  5    Dex: 11    Spells: 11/12 levels left

rFire   + + +      SeeInvis .    u - staff of fire
rCold   x . .      Faith    .    (no shield)
rNeg    . . .      Spirit   .    F - +2 robe "Myopeen" {rPois rF+ Str+5}
rPois   +          Reflect  +    (no helmet)
rElec   .          Harm     .    E - +2 cloak
rCorr   .          Rampage  .    h - +0 pair of gloves
Will    .....                    (no boots)
Stlth   +                        A - amulet of reflection
HPRegen 0.27/turn                l - +6 ring of strength
MPRegen 0.14/turn                s - ring of fire

@: corroded
A: high MP 1, forlorn, divine attributes
a: no special abilities


You were on level 5 of the Dungeon.
You visited 1 branch of the dungeon, and saw 5 of its levels.

You collected 204 gold pieces.

Inventory:

Missiles
 b - 15 poisoned darts (quivered)
 x - 2 throwing nets
Armour
 h - a +0 pair of gloves (worn)
 E - a +2 cloak (worn)
 F - the +2 robe "Myopeen" (worn) {rPois rF+ Str+5}
   (You found it on level 4 of the Dungeon)

   Str:       It affects your strength (+5).
   rF:        It protects you from fire.
   rPois:     It protects you from poison.
Magical Staves
 u - a staff of fire (weapon)
Jewellery
 l - a +6 ring of strength (left hand)
 s - a ring of fire (right hand)
 v - a ring of positive energy
 A - an amulet of reflection (around neck)
Scrolls
 c - a scroll of blinking
 e - 4 scrolls of teleportation
 j - a scroll of immolation {unknown}
 o - a scroll of poison {unknown}
 r - 2 scrolls of fear {unknown}
 w - a scroll of enchant armour {unknown}
 y - a scroll of brand weapon
 D - a scroll of butterflies {unknown}
Potions
 i - a potion of invisibility
 k - a potion of ambrosia
 m - a potion of haste
 n - a potion of attraction {unknown}
 p - 2 potions of heal wounds {unknown}
 t - 4 potions of curing {unknown}
 z - a potion of flight {unknown}
 B - a potion of berserk rage {unknown}
 C - a potion of magic {unknown}


   Skills:
 - Level 1.0 Fighting
 - Level 1.0 Throwing
 - Level 1.0 Stealth
 + Level 3.7 Spellcasting
 + Level 1.8 Conjurations
 + Level 2.8 Transmutations
 + Level 1.8 Fire Magic
 - Level 4.0 Earth Magic
 + Level 2.1 Poison Magic
 + Level 1.5 Evocations


You had 11 spell levels left.
You knew the following spells:

 Your Spells              Type           Power      Damage    Failure   Level
a - Sting                 Tmut/Pois      72%        1d6       3%          1

Your spell library contained the following spells:

 Spells                   Type           Power      Damage    Failure   Level
 Sandblast                Erth           50%        2d12      1%          1
 Beastly Appendage        Tmut           38%        N/A       2%          1
 Passwall                 Tmut/Erth      18%        N/A       3%          2
 Wereblood                Tmut           19%        N/A       4%          2
 Spider Form              Tmut/Pois      18%        N/A       10%         3
 Animate Armour           Summ/Erth      30%        N/A       36%         4


Dungeon Overview and Level Annotations

Branches:
Dungeon (5/15)
 Temple: D:4-7

Shops:
D:3 (


Innate Abilities, Weirdness & Mutations

You have an increased reservoir of magic. (+10% MP)
You shall have no god before yourself.
Your divine heritage dramatically boosts your attributes as you level up.


Message History

The sting hits the jelly.
The jelly looks even sicker.
The jelly is moderately wounded.
The jelly misses you.
You completely miss the jelly.
The jelly is heavily wounded.
The jelly hits you.
You are splashed with acid!
You hit the jelly.
Your hands burn!
The jelly is heavily wounded.
The jelly hits you but does no damage.
You hit the jelly.
Your hands burn!
The jelly is severely wounded.
The jelly hits you. The acid corrodes you!
You are splashed with acid!
* * * LOW HITPOINT WARNING * * *
The jelly hits you.
* * * LOW HITPOINT WARNING * * *
You are splashed with acid.
* * * LOW HITPOINT WARNING * * *
You hit the jelly but do no damage.
Your hands burn!
* * * LOW HITPOINT WARNING * * *
The jelly is severely wounded.
The jelly closely misses you.
Casting: Sting (safe; 3% risk of failure)
Confirm with . or Enter, or press ? or * to list all spells.
Aiming: Sting (safe; 3% risk of failure)
Press: ? - help, Shift-Dir - straight line, f/p - jelly
Aim: a jelly (severely wounded, poisoned, 100% to hit)
The sting hits the jelly.
The jelly partially resists.
The jelly is almost dead.
The jelly barely misses you.
Casting: Sting (safe; 3% risk of failure)
Confirm with . or Enter, or press ? or * to list all spells.
Aiming: Sting (safe; 3% risk of failure)
Press: ? - help, Shift-Dir - straight line, f/p - jelly
Aim: a jelly (almost dead, poisoned, 100% to hit)
The sting hits the jelly.
The jelly partially resists.
The jelly is almost dead.
The jelly hits you.
* * * LOW HITPOINT WARNING * * *
You are splashed with acid!
You die...

...# ..h. #...###.#
...# ..............#
...# ......#.......#
...# ........#.##[.#
.### ....$.#.#.##.##
.#
####..#.#.##.#######
.### #..#.#h..........
...#
######.J#.#<.#.#####.#
##.# .......@..##.#...
#.#
#########....#.##.#
#.# #..........#.# ..
#.# #.#######..#.# ..
#.# #.# #..### .
#.#########.# #....
##........[..#####
#.####
.....................
####################


You could see a jelly (poisoned).

Vanquished Creatures
  A scorpion (D:4)
  A howler monkey (D:5)
  3 hounds
  A gnoll bouda (D:5)
  2 jellies
  An iguana (D:4)
  6 adders
  7 gnolls
  An ufetubus (D:4)
  A worm (D:2)
  3 dart slugs
  2 orcs
  4 ball pythons
  4 bats
  9 endoplasms
  2 giant cockroaches
  5 hobgoblins
  3 quokkas (D:2)
  5 frilled lizards
  6 goblins
  5 kobolds
  10 rats
82 creatures vanquished.

Notes
Turn   | Place    | Note
-------+----------+-------------------------------------------
     0 | D:1      | wormed the Demigod Wanderer began the quest for the Orb.
     0 | D:1      | wormed set off with the following items: a +0 dagger, 11
                  | poisoned darts, a scroll of blinking, a +0 robe; and the
                  | following spells available to memorise: Sandblast,
                  | Passwall, Sting, Spider Form, Animate Armour.
     0 | D:1      | Reached XP level 1. HP: 16/16 MP: 6/6
   584 | D:1      | Learned a level 1 spell: Sting
   595 | D:1      | Reached XP level 2. HP: 22/23 MP: 5/8
   685 | D:1      | Reached skill level 3 in Earth Magic
  1307 | D:2      | Reached XP level 3. HP: 22/28 MP: 2/10
  1728 | D:2      | You fall into a shaft and drop 1 floor!
  2373 | D:3      | Found Gozxosm's Weapon Emporium.
  2395 | D:3      | Reached XP level 4. HP: 23/35 MP: 8/11
  2399 | D:3      | Reached skill level 1 in Poison Magic
  3244 | D:4      | Identified the +2 scale mail of the Grand God {Int+5 Dex-2}
  3562 | D:4      | Reached skill level 1 in Conjurations
  3562 | D:4      | Reached skill level 1 in Fire Magic
  3562 | D:4      | Reached XP level 5. HP: 22/40 MP: 7/13
  3744 | D:4      | Identified the +2 robe "Myopeen" {rPois rF+ Str+5}
  3824 | D:4      | Reached skill level 1 in Evocations
  3958 | D:4      | Reached XP level 6. HP: 42/47 MP: 12/14
  4237 | D:5      | Entered Level 5 of the Dungeon
  4362 | D:5      | Reached skill level 4 in Earth Magic
  4591 | D:5      | Splashed by a jelly's acid

Illustrated notes

Levels and vault maps discovered:
D:1:      mushboom_english_gardens, layout_basic, minivault_26
D:2:      layout_loops_ring
D:3:      layout_loops_ring, serial_shops, nicolae_shop_bloodbath_and_beyond,
          chequers_serial_rivers_micro_a
D:4:      layout_cave_pools, kennysheep_cross_room, kennysheep_cluttered_room
D:5:      layout_basic

Skill      XL: |  1  2  3  4  5  6 |
---------------+-------------------+-----
Earth Magic    | 3 4 |  4.0
Spellcasting   | 3 |  3.7
Transmutations | 2 |  2.8
Poison Magic   | 1 2 |  2.1
Conjurations   | 1 |  1.8
Fire Magic     | 1 |  1.8
Evocations     | 1 |  1.5
Fighting       | |  1.0
Throwing       | |  1.0
Stealth        | |  1.0

Action                   |  1- 3 |  4- 6 || total
-------------------------+-------+-------++-------
Melee: Dagger            |    57 |       ||    57
       Staff             |    38 |    67 ||   105
       Punch             |     2 |     1 ||     3
 Cast: Sting             |    62 |   105 ||   167
  Use: Scroll            |       |     5 ||     5
 Stab: Sleeping          |     1 |       ||     1
Armor: Robe              |    11 |    15 ||    26
       Acid dragon scale |    31 |    44 ||    75
Dodge: Dodged            |    86 |    73 ||   159
Block: Other             |       |     6 ||     6

Table legend: (Time is in decaauts)
 A = Elapsed time spent in this place.
 B = Non-inter-level travel time spent in this place.
 C = Inter-level travel time spent in this place.
 D = Time resting spent in this place.
 E = Time spent auto-exploring this place.
 F = Levels seen in this place.
 G = Mean time per level.
                   A        B        C        D        E       F      G
               +--------+--------+--------+--------+--------+-----+--------+
         Total |   4616 |   4426 |    190 |    245 |   3293 |   5 |  923.2 |
       Dungeon |   4616 |   4426 |    190 |    245 |   3293 |   5 |  923.2 |
               +--------+--------+--------+--------+--------+-----+--------+

Top non-repeatable levels by time:
     D:1: 1199 daAuts
     D:4: 1163 daAuts
     D:2: 1004 daAuts
     D:3: 917 daAuts
     D:5: 331 daAuts
